 Dungeon Crawl Stone Soup version 0.24.0-7-gb3623d2c88 (console) character file.

Game seed: 911452156903535064, levelgen mode: deterministic

1086 AlterAsc the Sneak (level 8, 41/41 HPs)
             Began as a Vampire Enchanter on Nov 2, 2019.
             Was an Initiate of Dithmenos.
             Quit the game on level 6 of the Dungeon.
             The game lasted 00:20:32 (3663 turns).

AlterAsc the Sneak (Vampire Enchanter)              Turns: 3663, Time: 00:20:32

Health: 41/41      AC:  3    Str:  5    XL:     8   Next: 9%
Magic:  8/14       EV: 18    Int: 22    God:    Dithmenos [......]
Gold:   172        SH:  0    Dex: 14    Spells: 9/15 levels left

rFire    . . .     SeeInvis +   a - +1 dagger
rCold    + + .     Gourm    .   (no shield)
rNeg     + + +     Faith    .   t - +1 robe of Wasted Space {rN+ Str-4 Int+4 Stlth+}
rPois    ∞         Spirit   .   (no helmet)
rElec    .         Reflect  .   (no cloak)
rCorr    .         Harm     .   (no gloves)
MR       .....                  (no boots)
Stlth    +++++++...             c - amulet of regeneration
HPRegen  0.00/turn              q - +3 ring of evasion
MPRegen  0.14/turn              (no ring)

@: bloodless, regenerating quickly
A: no food, fangs 3, see invisible, unbreathing
a: Bat Form, Revivify, Renounce Religion


You were on level 6 of the Dungeon.
You worshipped Dithmenos.
Dithmenos was noncommittal.
You were bloodless.

You visited 1 branch of the dungeon, and saw 6 of its levels.

You collected 172 gold pieces.

Inventory:

Hand Weapons
 a - a +1 dagger (weapon)
 h - a +0 rapier
 w - a +0 shortbow of velocity
Missiles
 x - 15 arrows
Armour
 b - a +0 robe
 d - a +0 ring mail
 m - a +0 leather armour
 s - a +0 plate armour
 t - the +1 robe of Wasted Space (worn) {rN+ Str-4 Int+4 Stlth+}
   (You found it on level 5 of the Dungeon)

   It affects your strength (-4).
   It affects your intelligence (+4).
   It protects you from negative energy.
   It makes you more stealthy.
Jewellery
 c - an amulet of regeneration (around neck)
 q - a +3 ring of evasion (left hand)
Wands
 i - a wand of flame (8)
 u - a wand of acid (9)
Scrolls
 e - 4 scrolls of remove curse
 g - 7 scrolls of identify
 k - a scroll of teleportation {unknown}
 n - a scroll of magic mapping {unknown}
 o - a scroll of enchant armour {unknown}
 r - a scroll of amnesia {unknown}
Potions
 f - 5 potions of curing
 j - a potion of agility {unknown}
 l - a potion of brilliance {unknown}
 p - a potion of ambrosia {unknown}
 v - a potion of mutation {unknown}
 z - a potion of berserk rage {unknown}


   Skills:
 + Level 4.4 Short Blades
 - Level 0.2 Armour
 + Level 4.9 Dodging
 + Level 7.5 Stealth
 + Level 4.0 Spellcasting
 + Level 7.1 Hexes
 + Level 2.8 Ice Magic


You had 9 spell levels left.
You knew the following spells:

 Your Spells              Type           Power        Failure   Level  Hunger
a - Corona                Hex            #####..      1%          1    N/A
b - Ensorcelled Hibernat  Hex/Ice        ####..       2%          2    N/A
c - Confuse               Hex            #####...     1%          3    N/A

Your spell library contained the following spells:

 Spells                   Type           Power        Failure   Level  Hunger
 Tukima's Dance           Hex            #####...     1%          3    N/A
 Dazzling Spray           Conj/Hex       ###...       8%          3    N/A

Dungeon Overview and Level Annotations

Branches:
Dungeon (6/15)
 Temple: D:4-7

Altars:
Dithmenos
Sif Muna
Vehumet


Innate Abilities, Weirdness & Mutations

You do not eat.
You do not regenerate when monsters are visible.
You are frail without blood (-20% HP).
You can heal yourself when you bite living creatures.
You are immune to poison.
You have razor-sharp teeth.
You have supernaturally acute eyesight. (SInv)
You can survive without breathing.


Message History

The crimson imp barely misses you.
You hit the crimson imp.
The crimson imp is lightly wounded.
The crimson imp misses you.
You hit the crimson imp but do no damage.
You hit the crimson imp but do no damage.
The crimson imp closely misses you.
Casting: Confuse (safe; 1% risk of failure)
Confirm with . or Enter, or press ? or * to list all spells.
Aiming: Confuse (safe; 1% risk of failure)
Press: ? - help, Shift-Dir - straight line, f/p - crimson imp
Aim: a crimson imp (chance to defeat MR: 46%)
The crimson imp appears confused.
You hit the crimson imp.
The crimson imp is lightly wounded.
The crimson imp misses you.
Welcome back, AlterAsc the Vampire Enchanter.
Dithmenos says: Spread the eternal night.
Press ? for a list of commands and other information.
Are you sure you want to abandon this character and quit the game? (Confirm with "yes".)

#....#.##...........
#.#.##.##..##.#..###
#(#....##..##.#..#
#.#.##.##..........
#.#.##.##.###'######
#.........##.(.##
######.####.....##
##.##.###.....[.##
##...#.##....5@...##.
#.......+.........'...
##.....##...!.....##..
#..######.......##
#.## ##.....## #.#
##...## #.# ##'## #.#
#.# #.##########.#


You could see a crimson imp (confused).

Vanquished Creatures
  An ice beast (D:5)
  An ogre (D:6)
  3 centaurs
  A bullfrog (D:6)
  A scorpion (D:4)
  A howler monkey (D:4)
  A crimson imp (D:6)
  An orc priest (D:5)
  A bullfrog skeleton (D:4)
  3 hounds
  2 orc wizards (D:5)
  An iguana (D:6)
  Jessica (D:2)
  A worker ant (D:4)
  A hound skeleton (D:4)
  3 gnolls (D:5)
  7 adders
  2 shadow imps (D:6)
  2 worms
  A dart slug (D:1)
  2 leopard geckos
  6 orcs
  9 bats
  4 giant cockroaches
  9 goblins
  3 hobgoblins
  2 jackals (D:2)
  3 quokkas
  2 frilled lizards
  11 kobolds
  A quokka zombie (D:5)
  10 rats
97 creatures vanquished.

Notes
Turn   | Place    | Note
-------+----------+-------------------------------------------
     0 | D:1      | AlterAsc the Vampire Enchanter began the quest for the Orb.
     0 | D:1      | Reached XP level 1. HP: 13/13 MP: 3/3
     2 | D:1      | Noticed a vampire
     2 | D:1      | Noticed a demigod
     4 | D:1      | Noticed a troll
     6 | D:1      | Noticed a human
     6 | D:1      | Noticed a minotaur
     8 | D:1      | Noticed a felid
    10 | D:1      | Noticed an ogre
    12 | D:1      | Noticed a gargoyle
    12 | D:1      | Noticed a naga
    14 | D:1      | Noticed a tengu
    14 | D:1      | Noticed a draconian
    16 | D:1      | Noticed a centaur
    16 | D:1      | Noticed a formicid
    18 | D:1      | Noticed an octopode
    20 | D:1      | Noticed a spriggan
    20 | D:1      | Noticed a vine stalker
    22 | D:1      | Noticed a dwarf
    22 | D:1      | Noticed a merfolk
    24 | D:1      | Noticed a demonspawn
    24 | D:1      | Noticed a ghoul
    26 | D:1      | Noticed a halfling
    26 | D:1      | Noticed an elf
   275 | D:1      | Reached XP level 2. HP: 11/19 MP: 5/5
   279 | D:1      | Learned a level 2 spell: Ensorcelled Hibernation
   772 | D:2      | Noticed Jessica
   774 | D:2      | Found a shimmering blue altar of Sif Muna.
   775 | D:2      | Killed Jessica
   775 | D:2      | Reached skill level 5 in Stealth
   775 | D:2      | Reached XP level 3. HP: 24/24 MP: 6/6
   843 | D:2      | Reached skill level 5 in Hexes
  1080 | D:2      | Reached XP level 4. HP: 30/30 MP: 4/7
  1516 | D:3      | Learned a level 3 spell: Confuse
  2113 | D:4      | Reached XP level 5. HP: 32/35 MP: 4/9
  2264 | D:4      | Reached XP level 6. HP: 41/41 MP: 10/10
  2271 | D:4      | Found a radiant altar of Vehumet.
  2277 | D:4      | Reached skill level 1 in Ice Magic
  2635 | D:5      | Entered Level 5 of the Dungeon
  2955 | D:5      | Reached XP level 7. HP: 46/46 MP: 12/12
  3093 | D:5      | Got a twisted robe
  3104 | D:5      | Identified the +1 robe of Wasted Space {rN+ Str-4 Int+4
                  | Stlth+} (You found it on level 5 of the Dungeon)
  3322 | D:5      | Found a shadowy altar of Dithmenos.
  3335 | D:5      | Became a worshipper of Dithmenos the Shadowed
  3614 | D:6      | Reached XP level 8. HP: 41/41 MP: 12/14
  3663 | D:6      | Quit the game

Levels and vault maps discovered:
D:1:      kb_arrival_jail, layout_basic
D:2:      layout_basic, kennysheep_cross_bottleneck, lemuel_altar_in_water,
          uniq_jessica
D:3:      layout_loops_ring
D:4:      layout_rooms, vehumet_crystals, first_ration,
          hangedman_decor_peaks_small, lemuel_flame_loot_1
D:5:      cheibrodos_iron_armory, layout_basic,
          nicolae_dithmenos_through_a_glass_darkly
D:6:      layout_loops_corners, lemuel_doored_altar

Skill      XL: |  1  2  3  4  5  6  7 |
---------------+----------------------+-----
Stealth        | 5 6 7 |  7.5
Hexes          | 5 6 7 |  7.1
Short Blades   | 2 3 4 |  4.4
Dodging        | 3 4 |  4.9
Spellcasting   | 3 4 |  4.0
Ice Magic      | 1 2 |  2.8
Armour         | |  0.2

Action                   |  1- 3 |  4- 6 |  7- 9 || total
-------------------------+-------+-------+-------++-------
Melee: Dagger            |   106 |   164 |    55 ||   325
       Bite              |     7 |    11 |     5 ||    23
 Cast: Corona            |     1 |       |       ||     1
       Ensorcelled Hiber |    16 |    46 |     5 ||    67
       Confuse           |       |     3 |     9 ||    12
 Abil: Exsanguinate      |       |       |     1 ||     1
  Use: Scroll            |       |     2 |       ||     2
 Stab: Sleeping          |    23 |    35 |     8 ||    66
       Confused          |       |     1 |     3 ||     4
Armor: Robe              |    13 |    11 |       ||    24
       Leather armour    |       |    12 |       ||    12
Dodge: Dodged            |    53 |   117 |    36 ||   206
